 Dungeon Crawl Stone Soup version 0.23-a0-413-g57a8110 (webtiles) character file.

63 JeffiDaFish the Grave Robber (level 3, -3/19 HPs)
             Began as a Deep Elf Necromancer on Nov 8, 2018.
             Killed from afar by Sigmund (10 damage)
             ... with a puff of flame
             ... on level 2 of the Dungeon.
             The game lasted 00:04:38 (1364 turns).

JeffiDaFish the Grave Robber (Deep Elf Necromancer) Turns: 1364, Time: 00:04:39

Health: -3/19      AC:  3    Str:  5    XL:     3   Next: 87%
Magic:  3/10       EV: 13    Int: 20    God:
Gold:   66         SH:  0    Dex: 15    Spells: 5/9 levels left

rFire    . . .     SeeInvis .   f - +0 dagger
rCold    . . .     Gourm    .   (no shield)
rNeg     . . .     Faith    .   e - +0 robe
rPois    .         Spirit   .   (no helmet)
rElec    .         Reflect  .   (no cloak)
rCorr    .         Harm     .   d - +0 pair of gloves
MR       .....                  (no boots)
Stlth    ++........             (no amulet)
HPRegen  0.06/turn              (no ring)
MPRegen  0.12/turn              (no ring)

@: no status effects
A: no striking features
a: no special abilities


You were on level 2 of the Dungeon.
You were not hungry.

You visited 1 branch of the dungeon, and saw 2 of its levels.

You collected 66 gold pieces.

Inventory:

Hand Weapons
 f - a +0 dagger (weapon)
Armour
 d - a +0 pair of gloves (worn)
 e - a +0 robe (worn)
Scrolls
 b - 2 scrolls of identify
Comestibles
 c - 4 rations
 g - 5 chunks of flesh


   Skills:
 + Level 3.3 Dodging
 - Level 2.4 Stealth
 + Level 3.8 Spellcasting
 * Level 5.8 Necromancy


You had 5 spell levels left.
You knew the following spells:

 Your Spells              Type           Power        Failure   Level  Hunger
a - Pain                  Necr           ####         1%          1    None
b - Vampiric Draining     Necr           ####......   3%          3    ###....

Your spell library contained the following spells:

 Spells                   Type           Power        Failure   Level  Hunger
 Animate Skeleton         Necr           N/A          1%          1    None
 Regeneration             Chrm/Necr      ###.......   12%         3    ###....
 Animate Dead             Necr           N/A          12%         4    ####...


Dungeon Overview and Level Annotations

Branches:
Dungeon (2/15)

Altars:
Gozag

Annotations:
D:2 Sigmund


Message History

Sigmund casts a spell at you. The magic dart hits you!
The goblin hits you with a +0 dagger.
Casting: Vampiric Draining (safe; 3% risk of failure)
Confirm with . or Enter, or press ? or * to list all spells.
Aiming: Pain (safe; 1% risk of failure)
Press: ? - help, Shift-Dir - straight line, f/p - Sigmund
Aim: Sigmund, wielding a +0 scythe and wearing a +0 robe (heavily wounded, Sigmund writhes in agony!
Sigmund gestures wildly while chanting.
Sigmund flickers and vanishes!
Deactivating autopickup; reactivate with Ctrl-A.
The goblin closely misses you. Something barely misses you.
A goblin comes into view. It is wielding a +4 dagger.
Okay, then.
You aren't carrying any potions.
A puff of flame appears from out of thin air!
The puff of flame hits you!
Ouch! That really hurt!
You die...

....#.### #.#
##...####.## ###.#.# #.#
#)###.###.# ....# #.#
#.#.......# ...### #g#
#.#.#.##### ##### #{#
###...####
#.###..........
#.g##.##.#####.
#..##.##.# #.@##.##.#
#..##.# .# #..##)# .# #.
#.....# .. .... ####
####.##.##. #... ..#
#..........# #...##
#.########.##.##.##.#
.....
##.##.....(.>..##(# #
#...
###...#.#####.#####.##.#
#..#


You could see 2 goblins.

Vanquished Creatures
  Jessica (D:2)
  An adder (D:2)
  A dart slug (D:1)
  A leopard gecko (D:2)
  3 giant cockroaches
  A goblin (D:1)
  3 hobgoblins (D:1)
  5 bats (D:1)
  3 kobolds
  8 rats
27 creatures vanquished.

Notes
Turn   | Place    | Note
-------+----------+-------------------------------------------
     0 | D:1      | JeffiDaFish the Deep Elf Necromancer began the quest for
                  | the Orb.
     0 | D:1      | Reached XP level 1. HP: 10/10 MP: 6/6
   274 | D:1      | Reached skill level 5 in Necromancy
   450 | D:1      | Reached XP level 2. HP: 14/15 MP: 5/8
  1085 | D:2      | Found an opulent altar of Gozag.
  1159 | D:2      | Noticed Jessica
  1161 | D:2      | Killed Jessica
  1161 | D:2      | Reached XP level 3. HP: 19/19 MP: 8/10
  1181 | D:2      | Learned a level 3 spell: Vampiric Draining
  1329 | D:2      | Noticed Sigmund
  1364 | D:2      | Killed from afar by Sigmund

Vault maps used:
D:1:      shiori_arrival_maze
D:2:      nicolae_gozag_seed_capital, uniq_sigmund, uniq_crazy_yiuf_cottage,
          uniq_jessica

Skill      XL: |  1  2 |
---------------+-------+-----
Necromancy     | 5 |  5.8
Dodging        | 3 |  3.3
Stealth        | |  2.4
Spellcasting   | |  3.8

Action                   || total
-------------------------++-------
Melee: Dagger            ||    14
 Cast: Pain              ||    40
       Vampiric Draining ||     2
  Use: Potion            ||     4
       Scroll            ||     3
 Stab: Sleeping          ||     5
  Eat: Chunk             ||     1
Armor: Robe              ||     4
Dodge: Dodged            ||    16

Table legend:
 A = Non-vault XP
 B = Vault XP
 C = Vault XP percentage of total XP
 D = Non-vault monster count
 E = Vault monster count
 F = Vault count percentage of total count
                 A         B        C        D         E       F
            +---------+---------+-------+---------+---------+-------
      Total |      51 |      39 |  43.3 |      24 |       3 |  11.1
            +---------+---------+-------+---------+---------+-------
        D:1 |      25 |       2 |   7.4 |      15 |       2 |  11.8
        D:2 |      26 |      37 |  58.7 |       9 |       1 |  10.0
            +---------+---------+-------+---------+---------+-------
